 Dungeon Crawl Stone Soup version 0.22-a0-86-g94e0ad4 (webtiles) character file.

10458 KristoblXynda the Grappler (level 11, -9/80 (82) HPs)
             Began as a Troll Artificer on Jan 20, 2018.
             Was an Elder of Cheibriados.
             Mangled by an ice devil (11 damage)
             ... in an ice cave.
             The game lasted 00:26:25 (9017 turns).

KristoblXynda the Grappler (Troll Artificer)        Turns: 9017, Time: 00:26:26

HP:   -9/80 (82)    AC: 10    Str: 31    XL:     11   Next: 36%
MP:   25/25         EV: 19    Int: 18    God:    Cheibriados [****..]
Gold: 667           SH:  0    Dex: 27    Spells: 7/10 levels left

rFire    . . .     SeeInvis .     - Unarmed
rCold    + . .     Gourm    +   (no shield)
rNeg     + . .     Faith    .   I - +1 robe {Archmagi}
rPois    .         Spirit   .   (helmet restricted)
rElec    .         Reflect  .   n - +0 cloak
rCorr    .         Harm     .   (gloves unavailable)
MR       +....     Rnd*Tele +   (boots unavailable)
Stlth    ++++......             (no amulet)
HPRegen  0.63/turn              i - ring of flight
MPRegen  0.19/turn              z - ring "Bocwea" {rC+ rN+ MP+9 AC+3}

@: agile, very slow
A: large, unfitting armour, claws 3, thin skeletal structure 1, fast metabolism
3, frail 1, gourmand, magic resistance 1, regeneration 1, shaggy fur 1,
teleportitis 1, tough skin 2
a: Bend Time, Temporal Distortion, Slouch, Renounce Religion, Evoke Flight


You were in an ice cave.
You worshipped Cheibriados.
Cheibriados was greatly pleased with you.
You were full.

You visited 2 branches of the dungeon, and saw 12 of its levels.
You also visited: Ice Cave.

You collected 667 gold pieces.

Inventory:

Hand Weapons
 C - a +3 whip of flaming
Missiles
 h - 5 large rocks
 E - 2 throwing nets (quivered)
Armour
 n - a +0 cloak (worn)
 I - a +1 robe of the Archmagi (worn)
Jewellery
 i - a ring of flight (left claw)
 s - a +2 ring of intelligence
 z - the ring "Bocwea" (right claw) {rC+ rN+ MP+9 AC+3}
   (You took it off an orc priest on level 8 of the Dungeon)

   [ring of protection]

   It affects your AC (+3).
   It protects you from cold.
   It protects you from negative energy.
   It affects your magic capacity (+9).
Wands
 c - a wand of acid (3)
 j - a wand of paralysis (13)
 v - a wand of clouds (4)
 B - a wand of disintegration (7)
Scrolls
 b - 2 scrolls of enchant armour
 g - 2 scrolls of amnesia
 l - 4 scrolls of remove curse
 m - 3 scrolls of teleportation
 y - a scroll of vulnerability
Potions
 e - a potion of lignification
 k - 2 potions of flight
 p - a potion of cancellation
 q - 2 potions of brilliance
 w - a potion of might
 D - a potion of agility
 G - a potion of resistance
 H - a potion of invisibility {unknown}
Books
 o - a book of Misfortune

   Spells                             Type                      Level
   a - Confusing Touch                Hexes                        1
   b - Confuse                        Hexes                        3
   c - Gell's Gravitas                Translocation                3
   d - Petrify                        Transmutation/Earth          4
   e - Metabolic Englaciation         Hexes/Ice                    5
   f - Yara's Violent Unravelling     Hexes/Transmutation          5
 x - a book of Minor Magic

   Spells                             Type                      Level
   a - Magic Dart                     Conjuration                  1
   b - Blink                          Translocation                2
   c - Call Imp                       Summoning                    2
   d - Slow                           Hexes                        2
   e - Conjure Flame                  Conjuration/Fire             3
   f - Mephitic Cloud                 Conjuration/Poison/Air       3
 A - a book of Debilitation

   Spells                             Type                      Level
   a - Corona                         Hexes                        1
   b - Slow                           Hexes                        2
   c - Inner Flame                    Hexes/Fire                   3
   d - Portal Projectile              Hexes/Translocation          3
   e - Cause Fear                     Hexes                        4
   f - Leda's Liquefaction            Hexes/Earth                  4
 F - a book of Necromancy

   Spells                             Type                      Level
   a - Pain                           Necromancy                   1
   b - Animate Skeleton               Necromancy                   1
   c - Vampiric Draining              Necromancy                   3
   d - Regeneration                   Charms/Necromancy            3
   e - Animate Dead                   Necromancy                   4
Miscellaneous
 r - a fan of gales (inert)
Comestibles
 f - 29 rations


   Skills:
 + Level 1.5 Fighting
   Level 0.7 Short Blades
 - Level 5.0 Dodging
 - Level 0.3 Stealth
 - Level 10.3 Unarmed Combat
 + Level 7.8 Invocations
 + Level 8.4 Evocations


You had 7 spell levels left.
You knew the following spells:

 Your Spells              Type           Power        Failure   Level  Hunger
a - Regeneration          Chrm/Necr      #.........   54%         3    ####...


Dungeon Overview and Level Annotations

Branches:
Dungeon (11/15)            Temple (1/1) D:5            Lair (0/6) D:10
    Orc (0/2) D:9

Altars:
Ashenzari
Cheibriados
Dithmenos
Elyvilon
Fedhas
Gozag
Hepliaklqana
Kikubaaqudgha
Makhleb
Nemelex Xobeh
Okawaru
Qazlal
Ru
Sif Muna
Trog
Uskayaw
Vehumet
Wu Jian
Xom
Yredelemnul
Zin
The Shining One

Shops:
D:8 [   D:10 [

Annotations:
D:11 Ajdolov's ghost, journeyman HOFi IceCv exclusion: 2 ice statues


Innate Abilities, Weirdness & Mutations

You are too large for most types of armour.
You have claws for hands.
Your metabolism is lightning-fast.
You like to eat raw meat.
Your natural rate of healing is unusually fast.
You are covered in fur. (AC +1)
You have very tough skin. (AC +2)
You have a somewhat thin skeletal structure. (Dex +2, Stealth)
You are frail. (-10% HP)
You are resistant to hostile enchantments. (MR+)
You are occasionally teleported next to monsters.


Message History

Aim: an ice devil (heavily wounded, covered in acid)
The bolt of acid hits the ice devil.
The ice devil is splashed with acid.
The ice devil is almost dead.
The bolt of acid hits the ice devil.
The ice devil is splashed with acid.
The acid corrodes the ice devil!
The ice devil is moderately wounded.
You are engulfed in freezing vapours.
You resist.
* * * LOW HITPOINT WARNING * * *
The ice devil hits you!
* * * LOW HITPOINT WARNING * * *
The ice devil freezes you! You resist.
* * * LOW HITPOINT WARNING * * *
You see here a glowing chain mail.
Unknown command.
Okay, then.
Evoke which item? (* to show all) (? for menu, Esc to quit)
A fierce wind blows from the fan.
The ice devil is blown away by the wind.
The ice devil hits you!
You die...

## ##### ##
#...# #§ #.[.
##§ ... #
#§§###.#
#..#§#.≈#.#.##
.......§.§#4@#
§.§.§4§§§§.§}#
#.§§####§§#.4#
#.....§§.§#.##
#§§§§§§§§##.#
###§§#§§§#...
## #§§##.).
#§§##...#
§########


You could see 3 ice devils.

Vanquished Creatures
  5 two-headed ogres
  Pikel (D:4)
  An ugly thing (D:9)
  An oklob plant (D:5)
  A cyclops (D:10)
  2 ice devils (IceCv)
  Grinder (D:3)
  6 yaks (D:11)
  Eustachio (D:4)
  A hungry ghost (D:7)
  Menkaure (D:6)
  A water moccasin (D:8)
  5 orc warriors
  A swamp drake (D:9)
  2 phantoms
  6 ogres
  A necrophage (D:11)
  3 centaurs
  Blork the orc (D:4)
  2 bullfrogs
  A scorpion (D:6)
  6 killer bees (D:8)
  A water moccasin skeleton (D:6)
  A howler monkey (D:7)
  3 crimson imps
  A bullfrog zombie (D:6)
  4 hounds
  2 bullfrog skeletons
  10 orc priests
  Crazy Yiuf (D:2)
  4 jellies
  8 orc wizards
  A centaur skeleton (D:4)
  2 iguanas
  6 worker ants
  A hound zombie (D:8)
  A hound skeleton (D:8)
  3 gnolls (D:6)
  7 adders
  3 shadow imps
  2 white imps (IceCv)
  6 ufetubi (IceCv)
  5 oozes (D:9)
  An adder zombie (D:3)
  An adder skeleton (D:9)
  2 worms
  The ghost of Cenon the Insei, a weakling DgTm (D:4)
  4 dart slugs
  3 leopard geckos
  36 orcs
  4 giant cockroaches
  5 goblins
  13 hobgoblins
  2 jackals (D:9)
  4 quokkas
  A ball python (D:1)
  4 bats
  8 frilled lizards
  12 kobolds
  A leopard gecko skeleton (D:5)
  A leopard gecko zombie (D:7)
  A quokka skeleton (D:6)
  5 rats
  A fungus (D:5)
  4 plants (D:5)
236 creatures vanquished.

Vanquished Creatures (others)
  A reaper (IceCv)
  A centaur skeleton (D:4)
  2 white imps (IceCv)
  3 ufetubi (IceCv)
  A rat (D:2)
8 creatures vanquished.

Grand Total: 244 creatures vanquished

Notes
Turn   | Place    | Note
-------+----------+-------------------------------------------
     0 | D:1      | KristoblXynda the Troll Artificer began the quest for the Orb.
     0 | D:1      | Reached XP level 1. HP: 18/18 MP: 1/1
   159 | D:1      | Reached skill level 1 in Fighting
   203 | D:1      | Reached XP level 2. HP: 24/27 MP: 2/2
   345 | D:1      | Reached skill level 1 in Unarmed Combat
   778 | D:2      | Reached XP level 3. HP: 33/33 MP: 3/3
   873 | D:2      | Found a runed door.
   877 | D:2      | Noticed Crazy Yiuf
   885 | D:2      | Killed Crazy Yiuf
   963 | D:2      | Found a radiant altar of Vehumet.
   972 | D:2      | Found a hazy altar of Hepliaklqana.
   997 | D:2      | Reached XP level 4. HP: 38/41 MP: 5/5
  1206 | D:2      | Reached skill level 2 in Unarmed Combat
  1239 | D:2      | Found a sacrificial altar of Ru.
  1460 | D:2      | Found an ornate altar of the Wu Jian Council.
  1461 | D:2      | Found a bloodstained altar of Trog.
  1676 | D:3      | Reached XP level 5. HP: 47/48 MP: 6/6
  1902 | D:3      | Noticed Grinder
  1908 | D:3      | Paralysed by Grinder for 7 turns
  1924 | D:3      | Killed Grinder
  1924 | D:3      | Reached skill level 3 in Unarmed Combat
  1924 | D:3      | Reached XP level 6. HP: 30/55 MP: 7/7
  2408 | D:4      | Reached skill level 4 in Unarmed Combat
  2408 | D:4      | Reached XP level 7. HP: 55/62 MP: 8/8
  2440 | D:4      | Noticed Cenon's ghost (weakling DgTm)
  2445 | D:4      | Killed Cenon's ghost
  2560 | D:4      | Noticed Pikel
  2571 | D:4      | Killed Pikel
  2571 | D:4      | Reached skill level 5 in Unarmed Combat
  2681 | D:4      | Found an iron altar of Okawaru.
  2722 | D:5      | Entered Level 5 of the Dungeon
  2724 | D:5      | Reached XP level 8. HP: 70/70 MP: 10/10
  2768 | D:5      | Noticed Eustachio
  2771 | D:5      | Noticed Blork the orc
  2799 | D:4      | Killed Eustachio
  2802 | D:4      | Killed Blork the orc
  2802 | D:4      | Reached skill level 5 in Dodging
  3171 | D:5      | Found a staircase to the Ecumenical Temple.
  3181 | Temple   | Entered the Ecumenical Temple
  3284 | Temple   | Became a worshipper of Cheibriados the Contemplative
  3319 | D:5      | Found a blossoming altar of Fedhas.
  3336 | D:5      | Noticed an oklob plant
  3356 | D:5      | Killed an oklob plant
  3356 | D:5      | Reached skill level 6 in Unarmed Combat
  3356 | D:5      | Reached skill level 5 in Evocations
  3955 | D:6      | Noticed Menkaure
  3968 | D:6      | Killed Menkaure
  3968 | D:6      | Reached XP level 9. HP: 13/76 MP: 12/12
  4259 | D:6      | Got a fine rapier {freeze}
  4260 | D:6      | Identified the +7 rapier "Ruqeix" {freeze, rF+ rC+ MP+9 Str-2} (You took it off a crimson imp on level 6 of the Dungeon)
  4517 | D:6      | Reached skill level 7 in Unarmed Combat
  4631 | D:6      | Found a glowing golden altar of the Shining One.
  4747 | D:7      | Reached * piety under Cheibriados
  5584 | D:8      | Reached ** piety under Cheibriados
  5876 | D:8      | Got a coiled wooden ring
  5877 | D:8      | Got a warped long sword {slice}
  5879 | D:8      | Identified the cursed +0 long sword of Unuqob {slice, +Rage} (You took it off an orc priest on level 8 of the Dungeon)
  5883 | D:8      | Identified the ring "Bocwea" {rC+ rN+ MP+9 AC+3} (You took it off an orc priest on level 8 of the Dungeon)
  5942 | D:8      | Noticed a two-headed ogre
  5949 | D:8      | Killed a two-headed ogre
  5949 | D:8      | Reached skill level 8 in Unarmed Combat
  5949 | D:8      | Reached skill level 5 in Invocations
  5949 | D:8      | Reached XP level 10. HP: 84/84 MP: 14/14
  5957 | D:8      | Found Deuxtorulu's Armour Boutique.
  5974 | D:8      | Noticed a two-headed ogre
  5985 | D:8      | Killed a two-headed ogre
  6067 | D:8      | Found an opulent altar of Gozag.
  6818 | D:9      | Found a bloodstained altar of Trog.
  6930 | D:9      | Noticed a two-headed ogre
  6933 | D:9      | Killed a two-headed ogre
  6933 | D:9      | Reached skill level 9 in Unarmed Combat
  7080 | D:9      | Found a sacrificial altar of Ru.
  7080 | D:9      | Found a white marble altar of Elyvilon.
  7209 | D:9      | Reached *** piety under Cheibriados
  7290 | D:9      | Noticed a green ugly thing
  7300 | D:9      | Gained mutation: You evolve. [potion of mutation]
  7308 | D:9      | Killed a green ugly thing
  7362 | D:9      | Lost mutation: You evolve. [potion of mutation]
  7362 | D:9      | Gained mutation: You are resistant to hostile enchantments. (MR+) [potion of mutation]
  7362 | D:9      | Gained mutation: You are occasionally teleported next to monsters. [potion of mutation]
  7362 | D:9      | Gained mutation: You are frail. (-10% HP) [potion of mutation]
  7362 | D:9      | Gained mutation: You have a somewhat thin skeletal structure. (Dex +2, Stealth) [potion of mutation]
  7374 | D:9      | Noticed a two-headed ogre
  7380 | D:9      | Killed a two-headed ogre
  7518 | D:9      | Found a staircase to the Orcish Mines.
  7762 | D:10     | Entered Level 10 of the Dungeon
  7857 | D:10     | Reached XP level 11. HP: 70/81 MP: 15/15
  8012 | D:10     | Found a staircase to the Lair.
  8062 | D:10     | Noticed a two-headed ogre
  8070 | D:10     | Killed a two-headed ogre
  8110 | D:10     | Found Agen's Antique Armour Shoppe.
  8255 | D:10     | Reached skill level 10 in Unarmed Combat
  8260 | D:10     | Reached **** piety under Cheibriados
  8425 | D:11     | Noticed Ajdolov's ghost (journeyman HOFi)
  8431 | D:11     | Found a frozen archway.
  8434 | IceCv    | Entered an ice cave
  8566 | IceCv    | Learned a level 3 spell: Regeneration
  8585 | IceCv    | Killed a reaper
  8597 | IceCv    | HP: 3/79 [ufetubus (1)]
  8603 | IceCv    | HP: 3/79 [ufetubus (3)]
  9016 | IceCv    | HP: 2/80 [ice devil (8)]
  9017 | IceCv    | Mangled by an ice devil

Vault maps used:
D:1:      mainiacjoe_arrival_reflecting_pool, kennysheep_crisscross,
          minmay_cupped
D:2:      nicolae_overflow_crystal_walls, grunt_temple_overflow_open,
          fiery_altar_vehumet, kennysheep_cross_bottleneck,
          nicolae_ru_sacrificial_ziggurat, uniq_crazy_yiuf_cottage
D:3:      uniq_grinder
D:4:      nicolae_overflow_hidden_temple, uniq_pikel
D:5:      minmay_temple_entry_purple_smoke, first_ration, tgw_fedhas,
          uniq_blork_the_orc, uniq_eustachio
D:6:      kennysheep_mini_moat, minmay_misc_feat_diagonals,
          nrook_mini_backslash, minivault_4, uniq_menkaure
D:7:      minivault_22
D:8:      serial_shops, shop_statue, kennysheep_nondescript, grunt_gozag_statues
D:9:      gammafunk_temple_overflow_pools, erik_orc_1, basic_altar,
          hangedman_little_slice_of_home
D:10:     lair_entry_dummy, serial_shops, shop, palyth_stone_intersect
D:11:     nicolae_trove_entry_columns, portal_ice_cave_entry_pillars_1,
          lemuel_angel_altar, uniq_gastronok
Temple:   zaba_magenta_temple
IceCv:    ice_cave_small_demon

Skill      XL: |  1  2  3  4  5  6  7  8  9 10 11 |
---------------+----------------------------------+-----
Fighting       | 1 |  1.5
Unarmed Combat | 1 2 3 4 5 6 8 9 10 | 10.3
Dodging        | 2 3 4 5 |  5.0
Evocations     | 3 4 5 6 7 8 |  8.4
Invocations    | 2 5 7 |  7.8
Short Blades   | |  0.7
Stealth        | |  0.3

Action                   |  1- 3 |  4- 6 |  7- 9 | 10-12 || total
-------------------------+-------+-------+-------+-------++-------
Melee: Unarmed           |   100 |   146 |   235 |   237 ||   718
       Punch             |       |       |     5 |    18 ||    23
Evoke: Wand              |       |       |     4 |    18 ||    22
       Fan of gales      |       |       |       |     1 ||     1
  Use: Scroll            |       |       |    12 |    10 ||    22
       Potion            |       |       |     2 |    11 ||    13
 Stab: Sleeping          |     1 |     2 |     2 |     2 ||     7
       Distracted        |       |       |     1 |     1 ||     2
       Paralysed         |       |       |     3 |     4 ||     7
  Eat: Chunk             |    13 |    15 |    28 |    13 ||    69
       Ration            |       |       |     2 |       ||     2
Armor: Robe              |    29 |    41 |    44 |    94 ||   208
       Skin              |       |       |       |    42 ||    42
Dodge: Dodged            |    46 |    66 |   133 |   230 ||   475

Table legend:
 A = Spawn XP
 B = Non-spawn XP
 C = Spawn XP percentage of total XP
 D = Spawn monster count
 E = Non-spawn monster count
 F = Spawn count percentage of total count
 G = Total turns spent on level
                    A         B        C        D         E        F      G
               +---------+---------+-------+---------+---------+-------+---------
         Total |       0 |   14941 |   0.0 |       0 |     232 |   0.0 |  9017
               +---------+---------+-------+---------+---------+-------+---------
           D:1 |       0 |      39 |   0.0 |       0 |      23 |   0.0 |   777
           D:2 |       0 |     108 |   0.0 |       0 |      21 |   0.0 |   761
           D:3 |       0 |     392 |   0.0 |       0 |      24 |   0.0 |   711
           D:4 |       0 |    1153 |   0.0 |       0 |      18 |   0.0 |   732
           D:5 |       0 |     790 |   0.0 |       0 |      12 |   0.0 |   677
           D:6 |       0 |     944 |   0.0 |       0 |      19 |   0.0 |   938
           D:7 |       0 |     474 |   0.0 |       0 |      10 |   0.0 |   692
           D:8 |       0 |    3403 |   0.0 |       0 |      37 |   0.0 |  1401
           D:9 |       0 |    3516 |   0.0 |       0 |      35 |   0.0 |   965
          D:10 |       0 |    1899 |   0.0 |       0 |      14 |   0.0 |   623
          D:11 |       0 |    1427 |   0.0 |       0 |       9 |   0.0 |    49
         IceCv |       0 |     796 |   0.0 |       0 |      10 |   0.0 |   583
               +---------+---------+-------+---------+---------+-------+---------
